 Dungeon Crawl Stone Soup version 0.20.1-1-g8b1a95d (webtiles) character file.

608 Internecine the Magician (level 7, -8/55 HPs)
             Began as a Purple Draconian Wizard on Sept 27, 2017.
             Was an Initiate of Sif Muna.
             Mangled by an orc warrior
             ... wielding a +0 long sword
              (11 damage)
             ... on level 6 of the Dungeon on Sept 28, 2017.
             The game lasted 01:07:37 (5702 turns).

Internecine the Magician (Purple Draconian Wizard)  Turns: 5702, Time: 01:07:37

Health: -8/55      AC:  6    Str: 10    XL:     7   Next: 19%
Magic:  16/16      EV: 12    Int: 19    God:    Sif Muna [......]
Gold:   222        SH:  0    Dex: 10    Spells: 10/18 levels left

rFire    . . .     SeeInvis .   R - +2 dagger (elec)
rCold    . . .     Gourm    .   (no shield)
rNeg     + . .     Faith    .   (armour unavailable)
rPois    .         Spirit   .   a - +0 hat
rElec    .         Reflect  .   (no cloak)
rCorr    .         Harm     .   (no gloves)
MR       +....     Clarity  +   (no boots)
Stlth    ++........             (no amulet)
Regen    0.2/turn               E - ring of positive energy
MPRegen  0.2/turn               (no ring)

@: very slightly contaminated
A: breathe power, unfitting armour, clarity, sense surroundings 1, cold-blooded,
AC +6
a: Breathe Dispelling Energy, Renounce Religion


You were on level 6 of the Dungeon.
You worshipped Sif Muna.
Sif Muna was noncommittal.
You were not hungry.

You visited 2 branches of the dungeon, and saw 7 of its levels.

You collected 222 gold pieces.

Inventory:

Hand Weapons
 r - a +0 hunting sling
 u - a +0 short sword
 y - a +0 falchion
 R - a +2 dagger of electrocution (weapon)
 W - a +0 shortbow
Missiles
 l - 6 tomahawks (quivered)
 x - 13 poisoned needles
 z - 30 arrows
 A - 160 stones
 D - 46 bolts
 J - 48 sling bullets
Armour
 a - a +0 hat (worn)
Jewellery
 E - a ring of positive energy (left hand)
Wands
 d - a wand of iceblast (1/15)
 H - a wand of iceblast (8/15)
 K - a wand of disintegration (9/24)
 L - a wand of scattershot (4/9)
 O - a wand of iceblast (10/15)
 Z - a wand of digging (5/24)
Scrolls
 e - a scroll of random uselessness {unknown}
 g - 3 scrolls of teleportation
 q - 2 scrolls of remove curse
 t - 2 scrolls of magic mapping {unknown}
 v - a scroll of amnesia {unknown}
 C - a scroll of blinking {unknown}
 F - 3 scrolls of immolation
 P - a scroll of enchant armour {unknown}
 Q - a scroll of fear {unknown}
 V - a scroll of fog {unknown}
 Y - 3 scrolls of identify
Potions
 f - a potion of haste {unknown}
 h - a potion of ambrosia {unknown}
 i - a potion of lignification {unknown}
 s - a potion of magic
 N - a potion of flight {unknown}
 U - a potion of brilliance {unknown}
Books
 b - a book of Minor Magic

   Spells                             Type                      Level
   a - Magic Dart                     Conjuration                  1
   b - Blink                          Translocation                2
   c - Call Imp                       Summoning                    2
   d - Slow                           Hexes                        2
   e - Conjure Flame                  Conjuration/Fire             3
   f - Mephitic Cloud                 Conjuration/Poison/Air       3
 I - a book of Misfortune

   Spells                             Type                      Level
   a - Confusing Touch                Hexes                        1
   b - Confuse                        Hexes                        3
   c - Gell's Gravitas                Translocation                3
   d - Petrify                        Transmutation/Earth          4
   e - Metabolic Englaciation         Hexes/Ice                    5
   f - Yara's Violent Unravelling     Hexes/Transmutation          5
Comestibles
 c - 2 bread rations
 w - 3 royal jellies
 S - 3 fruits
 X - 3 chunks of flesh


   Skills:
 + Level 2.2 Fighting
 + Level 1.0(1.8) Short Blades
 + Level 2.4(2.6) Long Blades
   Level 0.4 Maces & Flails
 + Level 0.5 Throwing
 + Level 2.9 Dodging
 + Level 2.7 Stealth
 + Level 6.1 Spellcasting
 + Level 3.0 Conjurations
 + Level 1.3 Summonings
 + Level 1.0 Translocations
 + Level 0.2 Fire Magic
 + Level 0.7 Evocations


You had 10 spell levels left.
You knew the following spells:

 Your Spells              Type           Power        Failure   Level  Hunger
a - Magic Dart            Conj           ###.         3%          1    None
b - Blink                 Tloc           N/A          11%         2    None
c - Call Imp              Summ           ##......     10%         2    None
d - Conjure Flame         Conj/Fire      ##......     17%         3    ##.....


Dungeon Overview and Level Annotations

Branches:
Dungeon (6/15)             Temple (1/1) D:5

Altars:
Ashenzari
Cheibriados
Fedhas
Gozag
Hepliaklqana
Kikubaaqudgha
Makhleb
Nemelex Xobeh
Qazlal
Ru
Sif Muna
Uskayaw
Vehumet
Xom
Yredelemnul
The Shining One


Innate Abilities, Weirdness & Mutations

You can breathe bolts of dispelling energy.
Your rich purple scales are hard. (AC +6)
You cannot fit into any form of body armour.
You are cold-blooded and may be slowed by cold attacks.
You possess an exceptional clarity of mind.
You passively map a small area around you.


Message History

You hit the orc warrior but do no damage.
The orc warrior is severely wounded.
The orc warrior closely misses you.
You hit the orc warrior but do no damage.
The orc warrior is severely wounded.
The orc barely misses you.
Casting: Magic Dart
Confirm with . or Enter, or press ? or * to list all spells.
Aiming: Magic Dart
Press: ? - help, Shift-Dir - straight line, f/p - orc warrior
Aim: an orc warrior, wielding a long sword and wearing a plate armour (severely wounded)
The magic dart hits the orc warrior.
The orc warrior is severely wounded.
The orc warrior hits you with a long sword!
* * * LOW HITPOINT WARNING * * *
The orc hits you with a flail!
* * * LOW HITPOINT WARNING * * *
It was a potion of magic.
Magic courses through your body.
The orc warrior hits you with a long sword!
You die...

#.....'.....# ,..
#.....#.....# ...
#'######...##....
#.....##...##....
#................ *
#................
#................ ,
#................
#o@...##...##....
##o#####...##+#####
#.....#............
#.<...#............
#...<.#...[........
######(##...........
#.....(.#...........
#.......###+######+#
#.........


You could see an orc warrior and an orc.

Vanquished Creatures
  A sky beast (D:5)
  A centaur (D:5)
  An ogre (D:4)
  A howler monkey (D:4)
  2 crimson imps (D:5)
  A bullfrog skeleton (D:4)
  An iguana (D:4)
  2 worker ants (D:4)
  6 adders
  A gnoll (D:1)
  An ooze (D:5)
  An adder skeleton (D:4)
  3 dart slugs
  3 leopard geckos
  5 orcs
  2 ball pythons (D:4)
  5 giant cockroaches
  9 goblins
  5 hobgoblins
  6 jackals
  2 kobolds (D:1)
  2 quokkas
  5 bats
  6 frilled lizards
  4 rats
76 creatures vanquished.

Vanquished Creatures (collateral kills)
  An orc (D:4)
  A jackal (D:2)
  A bat (D:2)
  A kobold (D:2)
4 creatures vanquished.

Grand Total: 80 creatures vanquished

Notes
Turn   | Place    | Note
-------+----------+-------------------------------------------
     0 | D:1      | Internecine the Draconian Wizard began the quest for the Orb.
     0 | D:1      | Reached XP level 1. HP: 14/14 MP: 4/4
   211 | D:1      | Reached XP level 2. HP: 17/20 MP: 0/6
  1246 | D:1      | Reached XP level 3. HP: 10/27 MP: 1/8
  1647 | D:2      | Learned a level 2 spell: Blink
  1650 | D:2      | Learned a level 2 spell: Call Imp
  2119 | D:2      | Found a stormy altar of Qazlal.
  2403 | D:2      | Reached XP level 4. HP: 34/34 MP: 5/9
  2814 | D:3      | Learned a level 3 spell: Conjure Flame
  3049 | D:3      | Reached skill level 1 in Fighting
  3126 | D:4      | Reached skill level 4 in Spellcasting
  3133 | D:4      | Noticed an ogre
  3152 | D:4      | Killed an ogre
  3152 | D:4      | Reached skill level 1 in Long Blades
  3152 | D:4      | Reached XP level 5. HP: 6/40 MP: 1/11
  3717 | D:4      | Reached XP level 6. HP: 47/47 MP: 8/12
  4624 | D:5      | Entered Level 5 of the Dungeon
  4678 | D:5      | Found a staircase to the Ecumenical Temple.
  4709 | Temple   | Entered the Ecumenical Temple
  4748 | Temple   | Became a worshipper of Sif Muna the Loreminder
  5321 | D:5      | Noticed a sky beast
  5331 | D:5      | Killed a sky beast
  5331 | D:5      | Reached skill level 5 in Spellcasting
  5331 | D:5      | Your scales start taking on a rich purple colour.
  5331 | D:5      | Reached skill level 6 in Spellcasting
  5331 | D:5      | Reached XP level 7. HP: 49/55 MP: 2/16
  5390 | D:5      | Gained mutation: Your natural rate of healing is unusually fast. [mutagenic meat]
  5391 | D:5      | Lost mutation: Your natural rate of healing is unusually fast. [mutagenic meat]
  5392 | D:5      | Gained mutation: You possess an exceptional clarity of mind. [mutagenic meat]
  5394 | D:5      | Gained mutation: You passively map a small area around you. [mutagenic meat]
  5586 | D:6      | Reached skill level 1 in Short Blades
  5702 | D:6      | Mangled by an orc warrior

Skill      XL: |  1  2  3  4  5  6  7 |
---------------+----------------------+-----
Dodging        | 2 |  2.9
Stealth        | 2 |  2.7
Fighting       | 1 2 |  2.2
Spellcasting   | 4 6 |  6.1
Long Blades    | 1 2 |  2.4
Conjurations   | 2 3 |  3.0
Short Blades   | 1 |  1.0
Maces & Flails | |  0.4
Throwing       | |  0.5
Summonings     | |  1.3
Translocations | |  1.0
Fire Magic     | |  0.2
Evocations     | |  0.7

Action                   |  1- 3 |  4- 6 |  7- 9 || total
-------------------------+-------+-------+-------++-------
Melee: Dagger            |    62 |    32 |     4 ||    98
       Tailslap          |     7 |    13 |       ||    20
       Mace              |    30 |       |       ||    30
       Falchion          |     2 |    60 |       ||    62
Throw: Tomahawk          |     7 |     4 |       ||    11
 Cast: Magic Dart        |    74 |   104 |    18 ||   196
       Call Imp          |     5 |     3 |       ||     8
       Conjure Flame     |       |     3 |       ||     3
Evoke: Wand              |       |     1 |       ||     1
  Use: Scroll            |     2 |     4 |       ||     6
       Potion            |       |       |     1 ||     1
  Eat: Chunk             |     4 |     9 |     6 ||    19
       Fruit             |       |     1 |       ||     1
Armor: Skin              |    43 |    25 |     2 ||    70
Dodge: Dodged            |    82 |    74 |     4 ||   160
       Rpst.: Falchion   |       |    15 |       ||    15
